 Dungeon Crawl Stone Soup version 0.28.0-47-ge53b351184 (webtiles) character file.

Game seed: 18316323268580932282

5662 warriortoast the Thaumaturge (level 10, 0/52 HPs)
             Began as a Deep Elf Fire Elementalist on May 2, 2022.
             Was a Believer of Sif Muna.
             Slain by a vampire (1 damage)
             ... on level 9 of the Dungeon.
             The game lasted 00:32:10 (11880 turns).

warriortoast the Thaumaturge (DEFE)                Turns: 11880, Time: 00:32:10

Health: 0/52       AC:  6    Str:  5    XL:     10   Next: 47%
Magic:  10/27      EV: 13    Int: 25    God:    Sif Muna [**....]
Gold:   526        SH:  0    Dex: 15    Spells: 22/32 levels left

rFire   . . .      SeeInvis .   h - +8 spear "Xoeb" {flame, rN++}
rCold   + . .      Faith    .   (no shield)
rNeg    + + .      Spirit   .   a - +0 robe
rPois   .          Reflect  .   n - +0 helmet
rElec   .          Harm     .   l - +2 cloak
rCorr   .          Rampage  .   (no gloves)
Will    +....                   (no boots)
Stlth   ++........              (no amulet)
HPRegen 0.17/turn               r - ring of protection from cold
MPRegen 0.20/turn               (no ring)

@: hasted, very quick
A: no striking features
a: Renounce Religion, Channel Magic


You were on level 9 of the Dungeon.
You worshipped Sif Muna.
Sif Muna was pleased with you.
You visited 2 branches of the dungeon, and saw 10 of its levels.

You collected 526 gold pieces.

Inventory:

Hand Weapons
 h - the +8 spear "Xoeb" (weapon) {flame, rN++}
   (You took it off a hobgoblin on level 2 of the Dungeon)

   It burns those it strikes, dealing additional fire damage.
   rN:        It greatly protects you from negative energy.
 z - a +2 short sword of speed
Armour
 a - a +0 robe (worn)
 i - a +0 cloak
 l - a +2 cloak (worn)
 n - a +0 helmet (worn)
Jewellery
 o - an amulet of the acrobat
 r - a ring of protection from cold (left hand)
 s - a ring of protection from cold
 u - a +6 ring of dexterity
 x - the amulet "Xafuw" {Acrobat rC++ rN+ Will+ Str-2}
   (You took it off an orc on level 8 of the Dungeon)

   [amulet of the acrobat]

   It increases your evasion while moving and waiting.
   Str:       It affects your strength (-2).
   rC:        It greatly protects you from cold.
   rN:        It protects you from negative energy.
   Will:      It increases your willpower.
 y - a ring of poison resistance
Wands
 d - a wand of iceblast (2)
 q - a wand of paralysis (5)
Scrolls
 c - 6 scrolls of identify
 e - a scroll of magic mapping
 f - 3 scrolls of enchant weapon
 g - 3 scrolls of noise
 j - 6 scrolls of teleportation
 t - 3 scrolls of immolation
 w - a scroll of fog
Potions
 b - a potion of mutation
 k - 3 potions of curing
 m - a potion of attraction
 v - a potion of brilliance {unknown}


   Skills:
 + Level 1.5 Fighting
 + Level 3.5 Dodging
 - Level 2.4 Stealth
 - Level 11.7 Spellcasting
 - Level 9.6 Conjurations
 - Level 10.1 Fire Magic
 + Level 2.1 Invocations
 + Level 2.1 Evocations


You had 22 spell levels left.
You knew the following spells:

 Your Spells              Type           Power      Damage    Failure   Level
a - Foxfire               Conj/Fire      100%       2x1d9     1%          1
b - Scorch                Fire           100%       2d10      1%          2
c - Conjure Flame         Conj/Fire      59%        6-21      1%          3
d - Flame Wave            Conj/Fire      59%        2d11      1%          4

Your spell library contained the following spells:

 Spells                   Type           Power      Damage    Failure   Level
 Inner Flame              Hex/Fire       40%        N/A       1%          3
 Passage of Golubria      Tloc           14%        N/A       38%         4
 Silence                  Hex/Air        7%         N/A       75%         5
 Lehudib's Crystal Spear  Conj/Erth      19%        10d6      100%        8


Dungeon Overview and Level Annotations

Branches:
Dungeon (9/15)             Temple (1/1) D:4            Lair (0/6) D:8
    Orc: D:9-12

Altars:
Ashenzari
Cheibriados
Dithmenos
Elyvilon
Fedhas
Gozag
Hepliaklqana
Kikubaaqudgha
Makhleb
Nemelex Xobeh
Ru
Sif Muna
Trog
Uskayaw
Xom
Yredelemnul
Zin


Message History

The vampire is almost destroyed.
The vampire casts a spell.
The vampire flickers and vanishes!
Deactivating autopickup; reactivate with Ctrl-A.
You conjure some foxfire!
Something draws life force from you.
You conjure some foxfire!
Something draws life force from you.
You conjure some foxfire!
The foxfire hits something. x2
The foxfire hits something but does no damage. x2
You hear some strange, mumbled words.
Something tries to affect you, but you resist.
You conjure some foxfire!
The foxfire hits something but does no damage.
Something hits you! Something bites you!
Something draws strength from your injuries!
You are too injured to fight recklessly!
Unknown command.
The foxfire hits something but does no damage. x2
The foxfire hits something.
Something draws life force from you.
Casting: Foxfire (safe; 1% risk of failure)
Confirm with . or Enter, or press ? or * to list all spells.
You can't see any susceptible monsters within range! (Use Z to cast anyway.)
You are too injured to fight recklessly!
Something completely misses you. Something bites you.
* * * LOW HITPOINT WARNING * * *
Something draws strength from your injuries!
There is an open door here.
You are too injured to fight recklessly!
Casting: Foxfire (safe; 1% risk of failure)
Confirm with . or Enter, or press ? or * to list all spells.
You conjure some foxfire!
Something hits you.
* * * LOW HITPOINT WARNING * * *
Something bites you but does no damage.
You feel better.
The foxfire hits something but does no damage.
Something draws life force from you.
* * * LOW HITPOINT WARNING * * *
You feel yourself speed up. Something hits you.
* * * LOW HITPOINT WARNING * * *
Something bites you.
You die...

#..... #.....
#....# #####
#....#......
#....#......
#....'......
#....#......
#..{.# .....
###@## ....
#.§v.# ...
#....# ..
#....# .
#....# #....#
#....#
#....########
#....#......+


There were no monsters in sight!

Vanquished Creatures
  A troll (D:7)
  Prince Ribbit (D:5)
  A slime creature (D:7)
  A wraith (D:7)
  8 yaks
  2 basilisks (D:8)
  6 water moccasins
  An orc warrior (D:9)
  4 sky beasts
  2 ice beasts
  A black bear (D:8)
  An ogre (D:7)
  3 kobold brigands
  4 bullfrogs
  A wyvern zombie (D:4)
  3 scorpions
  4 killer bees (D:8)
  5 wights (D:7)
  3 howler monkeys (D:8)
  3 electric eels (D:8)
  2 centaur zombies
  A gnoll shaman (D:5)
  2 jellies
  2 orc priests
  2 bullfrog skeletons
  A hound (D:5)
  An iron imp (D:4)
  4 iguanas
  2 orc wizards
  A hound skeleton (D:5)
  A howler monkey zombie (D:6)
  9 gnolls
  6 adders
  A shadow imp (D:7)
  An ufetubus (D:6)
  4 worms
  A dart slug (D:1)
  28 orcs
  3 endoplasms (D:1)
  4 giant cockroaches
  6 goblins
  8 hobgoblins
  17 kobolds
  A quokka (D:5)
  5 ball pythons
  5 bats
  4 frilled lizards
  7 rats
184 creatures vanquished.

Vanquished Creatures (collateral kills)
  2 foxfires (D:8)
2 creatures vanquished.

Vanquished Creatures (others)
  789 foxfires
  39 fungi (D:8)
  51 plants
879 creatures vanquished.

Grand Total: 1065 creatures vanquished

Notes
Turn   | Place    | Note
-------+----------+-------------------------------------------
     0 | D:1      | warriortoast the Deep Elf Fire Elementalist began the quest
                  | for the Orb.
     0 | D:1      | Reached XP level 1. HP: 10/10 MP: 6/6
   413 | D:1      | Reached XP level 2. HP: 15/15 MP: 4/8
  1135 | D:2      | Reached XP level 3. HP: 18/19 MP: 5/10
  1403 | D:2      | Found an ancient bone altar of Kikubaaqudgha.
  1443 | D:2      | Identified the +8 spear "Xoeb" {flame, rN++}
  1681 | D:2      | Reached skill level 4 in Spellcasting
  2410 | D:3      | Reached XP level 4. HP: 24/24 MP: 6/12
  2604 | D:3      | Found a faded altar of an unknown god.
  3284 | D:3      | Found a sacrificial altar of Ru.
  3492 | D:4      | Found a snail-covered altar of Cheibriados.
  3507 | D:4      | Reached XP level 5. HP: 25/28 MP: 8/14
  3578 | D:4      | Reached skill level 5 in Spellcasting
  3581 | D:4      | Learned a level 2 spell: Scorch
  3585 | D:4      | Learned a level 3 spell: Conjure Flame
  3590 | D:4      | Learned a level 4 spell: Flame Wave
  3757 | D:4      | Found a basalt altar of Yredelemnul.
  3871 | D:4      | Found a white marble altar of Elyvilon.
  3963 | D:4      | Reached skill level 5 in Fire Magic
  3963 | D:4      | Reached XP level 6. HP: 12/32 MP: 0/16
  4405 | D:4      | Found a staircase to the Ecumenical Temple.
  4424 | Temple   | Entered the Ecumenical Temple
  4461 | Temple   | Became a worshipper of Sif Muna the Loreminder
  4618 | D:4      | Found a blossoming altar of Fedhas.
  4917 | D:5      | Entered Level 5 of the Dungeon
  4998 | D:5      | Reached skill level 6 in Spellcasting
  5265 | D:5      | Noticed Prince Ribbit
  5270 | D:5      | Killed Prince Ribbit
  5271 | D:5      | Reached skill level 5 in Conjurations
  5271 | D:5      | Reached XP level 7. HP: 36/36 MP: 10/19
  5430 | D:5      | Found a burning altar of Makhleb.
  5657 | D:5      | Reached skill level 7 in Spellcasting
  6079 | D:5      | Found a bloodstained altar of Trog.
  6564 | D:6      | Reached XP level 8. HP: 37/41 MP: 6/21
  6800 | D:6      | Reached skill level 8 in Spellcasting
  7117 | D:6      | Reached * piety under Sif Muna
  7831 | D:7      | Reached skill level 9 in Spellcasting
  8318 | D:7      | Reached XP level 9. HP: 45/45 MP: 19/24
  8788 | D:7      | Found a sparkling altar of Nemelex Xobeh.
  8991 | D:7      | Noticed a troll
  9007 | D:7      | Killed a troll
  9008 | D:7      | Reached skill level 10 in Spellcasting
  9850 | D:8      | Reached skill level 11 in Spellcasting
 10063 | D:8      | Found a glowing silver altar of Zin.
 10175 | D:8      | Reached XP level 10. HP: 50/50 MP: 3/27
 10346 | D:8      | Reached ** piety under Sif Muna
 10419 | D:8      | Found a staircase to the Lair.
 10678 | D:8      | Reached skill level 10 in Fire Magic
 11084 | D:8      | Identified the amulet "Xafuw" {Acrobat rC++ rN+ Will+
                  | Str-2}
 11310 | D:8      | Reached skill level 1 in Invocations
 11310 | D:8      | Reached skill level 1 in Evocations
 11509 | D:9      | Reached skill level 1 in Fighting
 11880 | D:9      | HP: 1/52 [something (6)]
 11880 | D:9      | Slain by a vampire

Illustrated notes

Levels and vault maps discovered:
D:1:      matt_arrival_grand_opening, layout_rooms,
          amcnicky_mini_rare_corridor_liquid, minmay_misc_feat_nine_boxes
D:2:      kennysheep_big_flooded_room, layout_basic, basic_altar,
          roderic_roman_lattice
D:3:      layout_basic, hangedman_ru_absence,
          dreamdust_ecumenical_altar_statues, minmay_misc_feat_plants
D:4:      layout_loops_ring, fedhas_ov_isle_minmay, lemuel_tele_altar,
          mainiacjoe_overflow_six_doors_small, slow_altar_1,
          minmay_temple_entry_statues_pillars
D:5:      layout_loops_cross, mainiacjoe_overflow_small_starburst,
          mainiacjoe_overflow_tiny_flanked, uniq_prince_ribbit1
D:6:      layout_loops_ring
D:7:      minmay_cornered_nines, layout_loops_ring, lemuel_doored_altar,
          amcnicky_mini_pool_small
D:8:      layout_basic, zin_statuary, due_lair_maze_entry_diamond,
          disabler_island
D:9:      layout_grid_maze, serial_shops, kennysheep_little_box
Temple:   dpeg_three_leaves_temple

Skill      XL: |  1  2  3  4  5  6  7  8  9 10 |
---------------+-------------------------------+-----
Conjurations   | 2 3 5 7 9 |  9.6
Spellcasting   | 4 5 6 7 9 11 | 11.7
Fire Magic     | 4 5 6 8 9 10 | 10.1
Invocations    | 2 |  2.1
Evocations     | 2 |  2.1
Fighting       | 1 |  1.5
Dodging        | 3 |  3.5
Stealth        | |  2.4

Action                   |  1- 3 |  4- 6 |  7- 9 | 10-12 || total
-------------------------+-------+-------+-------+-------++-------
Melee: Spear             |     5 |    17 |    13 |       ||    35
 Cast: Foxfire           |   108 |   130 |   178 |    69 ||   485
       Scorch            |       |    13 |    81 |    37 ||   131
       Conjure Flame     |       |       |    12 |     5 ||    17
       Flame Wave        |       |       |       |     2 ||     2
  Use: Scroll            |       |    15 |     7 |       ||    22
       Potion            |       |       |     2 |     2 ||     4
Armor: Robe              |     1 |     3 |    17 |     2 ||    23
       Skin              |       |       |     2 |       ||     2
Dodge: Dodged            |     3 |    16 |    30 |    13 ||    62
